 Dungeon Crawl Stone Soup version 0.28.0-43-g3370ac3207 (webtiles) character file.

Game seed: 10088139292750134154

1498 Woods the Insei (level 8, -2/61 HPs)
             Began as a Gnoll Transmuter on Mar 25, 2022.
             Was an Initiate of Yredelemnul.
             Slain by Duvessa
             ... wielding a +0 short sword
              (5 damage)
             ... on level 6 of the Dungeon.
             The game lasted 00:11:36 (7533 turns).

Woods the Insei (Gnoll Transmuter)                  Turns: 7533, Time: 00:11:37

Health: -2/61      AC:  9    Str:  9    XL:     8   Next: 81%
Magic:  17/17      EV: 29    Int: 15    God:    Yredelemnul [......]
Gold:   245        SH:  0    Dex: 13    Spells: 13/19 levels left

rFire   . . .      SeeInvis .     - Unarmed
rCold   . . .      Faith    .   (no shield)
rNeg    . . .      Spirit   .   a - +0 robe
rPois   .          Reflect  .   x - +0 helmet
rElec   .          Harm     .   p - +1 cloak
rCorr   .          Rampage  .   m - +0 pair of gloves
Will    .....                   k - +2 pair of boots
Stlth   +.........              j - amulet of the acrobat
HPRegen 0.20/turn               (no ring)
MPRegen 0.15/turn               (no ring)

@: lit by a corona, acrobatic, glowing
A: fangs 1, strong nose, distributed training
a: Renounce Religion, Recall Undead Harvest


You were on level 6 of the Dungeon.
You worshipped Yredelemnul.
Yredelemnul was noncommittal.
You visited 1 branch of the dungeon, and saw 6 of its levels.
You also visited: Ossuary.

You collected 278 gold pieces.
You spent 33 gold pieces at shops.

Inventory:

Armour
 a - a +0 robe (worn)
 k - a +2 pair of boots (worn)
 m - a +0 pair of gloves (worn)
 p - a +1 cloak (worn)
 x - a +0 helmet (worn)
 B - +0 gold dragon scales
Jewellery
 j - an amulet of the acrobat (around neck)
Wands
 w - a wand of flame (17)
Scrolls
 b - a scroll of noise (quivered) {unknown}
 c - 2 scrolls of immolation
 f - 2 scrolls of vulnerability
 g - 4 scrolls of teleportation
 h - a scroll of fog {unknown}
 r - a scroll of identify
 s - a scroll of enchant armour {unknown}
 t - a scroll of brand weapon {unknown}
 y - a scroll of enchant weapon {unknown}
 z - 2 scrolls of magic mapping {unknown}
Potions
 d - 4 potions of mutation
 e - 4 potions of flight
 i - a potion of heal wounds {unknown}
 l - a potion of might {unknown}
 n - 2 potions of resistance
 o - a potion of berserk rage {unknown}
 q - a potion of degeneration {unknown}
 u - 2 potions of invisibility
 v - 3 potions of curing
 A - a potion of attraction {unknown}


   Skills:
 + Level 4.5 Fighting
 + Level 3.6 Short Blades
 + Level 3.6 Long Blades
 + Level 3.6 Axes
 + Level 3.6 Maces & Flails
 + Level 3.6 Polearms
 + Level 3.6 Staves
 + Level 3.6 Slings
 + Level 3.6 Bows
 + Level 3.6 Crossbows
 + Level 3.6 Throwing
 + Level 3.6 Armour
 + Level 5.9 Dodging
 + Level 3.6 Stealth
 + Level 3.6 Shields
 + Level 7.5 Unarmed Combat
 + Level 6.2 Spellcasting
 + Level 2.9 Conjurations
 + Level 2.9 Hexes
 + Level 2.9 Summonings
 + Level 2.9 Necromancy
 + Level 2.9 Translocations
 + Level 4.8 Transmutations
 + Level 2.9 Fire Magic
 + Level 2.9 Ice Magic
 + Level 2.9 Air Magic
 + Level 2.9 Earth Magic
 + Level 2.9 Poison Magic
 + Level 4.0 Invocations
 + Level 3.6 Evocations


You had 13 spell levels left.
You knew the following spells:

 Your Spells              Type           Power      Damage    Failure   Level
a - Beastly Appendage     Tmut           38%        N/A       1%          1
b - Wereblood             Tmut           19%        N/A       3%          2
c - Spider Form           Tmut/Pois      16%        N/A       9%          3

Your spell library contained the following spells:

 Spells                   Type           Power      Damage    Failure   Level
 Passwall                 Tmut/Erth      13%        N/A       4%          2
 Blink                    Tloc           26%        N/A       6%          2
 Ensorcelled Hibernation  Hex/Ice        26%        N/A       6%          2
 Swiftness                Air            13%        N/A       13%         3
 Ice Form                 Ice/Tmut       16%        N/A       28%         4
 Hailstorm                Conj/Ice       13%        3d5       38%         4
 Manifold Assault         Tloc           13%        N/A       75%         5
 Simulacrum               Ice/Necr       6%         N/A       100%        6
 Storm Form               Tmut/Air       8%         N/A       100%        7


Dungeon Overview and Level Annotations

Branches:
Dungeon (6/15)            Ossuary (visited)
 Temple: D:4-7

Altars:
Yredelemnul

Shops:
D:4 :*   D:6 :

Annotations:
D:6 Duvessa


Innate Abilities, Weirdness & Mutations

You have very sharp teeth.
Your uncanny sense of smell can sniff out nearby items.
Your experience applies equally to all skills.


Message History

You swap places.
Your ogre zombie hits Dowan.
Dowan hits your ogre zombie with a +0 dagger!
You kill Dowan!
Duvessa weeps, and shakes her weapon.
Duvessa goes berserk!
A black mist starts to gather...
Your Invocations skill increases to level 4!
Duvessa hits your ogre zombie with a +0 short sword!
Your ogre zombie barely misses Duvessa.
Duvessa hits your ogre zombie with a +0 short sword!
Unknown command.
Duvessa hits your ogre zombie with a +0 short sword.
Your ogre zombie hits Duvessa!
Duvessa hits your ogre zombie with a +0 short sword!
Your ogre zombie is destroyed!
Duvessa rages.
You hit Duvessa but do no damage.
Duvessa is poisoned.
Duvessa is lightly wounded.
Duvessa hits you with a +0 short sword!!
Dowan hits Duvessa.
You bite Duvessa!
Duvessa looks as sick as possible!
Duvessa is heavily wounded.
Duvessa hits you with a +0 short sword! Duvessa completely misses you.
Duvessa hits you with a +0 short sword!
* * * LOW HITPOINT WARNING * * *
Your transformation has ended.
Your +1 cloak unmelds from your body.
Your +0 helmet unmelds from your body.
Your +0 pair of gloves unmelds from your body.
Your +2 pair of boots unmelds from your body.
Your +0 robe unmelds from your body.
Duvessa misses you. Duvessa completely misses you.
Duvessa hits you but does no damage.
Duvessa rages.
Duvessa hits you with a +0 short sword!
* * * LOW HITPOINT WARNING * * *
Duvessa misses you. Duvessa hits you with a +0 short sword.
You die...
Your body rises from the dead as a mindless zombie.

######### #..Z....#
#.#####.######
#.##.........#
########Z##.##e####Z#
#........##Z##@# #.#
###.######.......#
##.##
........##########
#.Z.# ........# #...#
........# #...#
....)<..# ###.#
........# #.#
........# #.#
........... #.#


You could see Duvessa (berserk, very poisoned).

Vanquished Creatures
  A sky beast (D:5)
  3 black bears
  A necrophage (D:4)
  An ogre (D:6)
  A centaur (D:5)
  A scorpion (D:5)
  Dowan (D:6)
  A water moccasin skeleton (D:5)
  A wight (Ossuary)
  A howler monkey (D:4)
  4 hounds
  A jelly (D:4)
  A bullfrog skeleton (D:5)
  Jessica (D:3)
  2 iguanas
  A scorpion zombie (D:5)
  8 adders
  A howler monkey skeleton (D:4)
  A white imp (D:5)
  An ufetubus (D:3)
  3 worms
  4 dart slugs
  5 orcs
  3 bats
  8 endoplasms
  4 giant cockroaches
  9 hobgoblins
  7 jackals
  2 kobolds
  5 quokkas
  8 ball pythons
  A ball python skeleton (Ossuary)
  4 frilled lizards
  10 goblins
  A hobgoblin skeleton (Ossuary)
  3 hobgoblin zombies (Ossuary)
  3 kobold zombies (Ossuary)
  2 orc zombies (Ossuary)
  5 rats
120 creatures vanquished.

Vanquished Creatures (collateral kills)
  A black bear (D:4)
  A centaur zombie (D:5)
  A jelly (D:5)
  An adder (D:2)
  An adder skeleton (D:4)
  2 ball pythons (D:3)
  2 endoplasms (D:3)
  3 jackals
  2 kobolds
  A rat (D:3)
15 creatures vanquished.

Vanquished Creatures (others)
  A scorpion zombie (D:5)
  An ogre zombie (D:6)
  2 hound zombies (D:5)
  A spectral jelly (D:5)
  A bat zombie (D:3)
  A ball python zombie (D:3)
  A jackal zombie (D:2)
  3 fungi (D:2)
  6 plants (D:2)
17 creatures vanquished.

Grand Total: 152 creatures vanquished

Notes
Turn   | Place    | Note
-------+----------+-------------------------------------------
     0 | D:1      | Woods the Gnoll Transmuter began the quest for the Orb.
     0 | D:1      | Reached XP level 1. HP: 17/17 MP: 6/6
   154 | D:1      | Reached XP level 2. HP: 23/23 MP: 5/7
   643 | D:1      | Reached XP level 3. HP: 28/28 MP: 7/9
   671 | D:1      | Reached skill level 5 in Spellcasting
  1001 | D:2      | Found a basalt altar of Yredelemnul.
  1048 | D:2      | Became a worshipper of Yredelemnul the Dark
  1131 | D:2      | Reached skill level 1 in Invocations
  1133 | D:2      | Found a faded altar of an unknown god.
  1388 | D:2      | Reached skill level 1 in Short Blades
  1388 | D:2      | Reached skill level 1 in Long Blades
  1388 | D:2      | Reached skill level 1 in Axes
  1388 | D:2      | Reached skill level 1 in Maces & Flails
  1388 | D:2      | Reached skill level 1 in Polearms
  1388 | D:2      | Reached skill level 1 in Staves
  1388 | D:2      | Reached skill level 1 in Slings
  1388 | D:2      | Reached skill level 1 in Bows
  1388 | D:2      | Reached skill level 1 in Crossbows
  1388 | D:2      | Reached skill level 1 in Throwing
  1388 | D:2      | Reached skill level 1 in Armour
  1388 | D:2      | Reached skill level 1 in Stealth
  1388 | D:2      | Reached skill level 1 in Shields
  1388 | D:2      | Reached skill level 1 in Evocations
  1392 | D:2      | Reached * piety under Yredelemnul
  1499 | D:2      | Reached XP level 4. HP: 29/34 MP: 11/11
  1594 | D:2      | Learned a level 2 spell: Wereblood
  1598 | D:2      | Learned a level 3 spell: Spider Form
  2081 | D:3      | Reached skill level 1 in Conjurations
  2081 | D:3      | Reached skill level 1 in Hexes
  2081 | D:3      | Reached skill level 1 in Summonings
  2081 | D:3      | Reached skill level 1 in Necromancy
  2081 | D:3      | Reached skill level 1 in Translocations
  2081 | D:3      | Reached skill level 1 in Fire Magic
  2081 | D:3      | Reached skill level 1 in Ice Magic
  2081 | D:3      | Reached skill level 1 in Air Magic
  2081 | D:3      | Reached skill level 1 in Earth Magic
  2081 | D:3      | Reached skill level 1 in Poison Magic
  2338 | D:3      | Reached ** piety under Yredelemnul
  2460 | D:3      | Reached XP level 5. HP: 40/40 MP: 12/12
  2844 | D:3      | Noticed Jessica
  2851 | D:3      | Killed Jessica
  3480 | D:3      | Reached *** piety under Yredelemnul
  3704 | D:4      | Found Kamootul's Book Emporium.
  3716 | D:4      | Reached XP level 6. HP: 26/47 MP: 10/13
  4065 | D:4      | Noticed a black bear
  4076 | D:4      | Reached skill level 5 in Dodging
  4079 | D:4      | Killed a black bear
  4156 | D:4      | Noticed a necrophage
  4170 | D:4      | Killed a necrophage
  4171 | D:4      | Reached XP level 7. HP: 46/52 MP: 10/15
  4220 | D:4      | Found Kiabasur's General Store.
  4228 | D:4      | Reached skill level 7 in Unarmed Combat
  4233 | D:4      | Bought a potion of curing for 33 gold pieces
  4729 | D:5      | Entered Level 5 of the Dungeon
  4912 | D:5      | Found a sand-covered staircase.
  4936 | Ossuary  | Entered an ossuary
  5101 | Ossuary  | Noticed a flying skull
  5101 | Ossuary  | Noticed a wraith
  5108 | Ossuary  | Noticed a flying skull
  5136 | Ossuary  | Noticed a flying skull
  5137 | Ossuary  | Noticed a flying skull
  5188 | Ossuary  | Noticed a wraith
  5885 | D:5      | Reached XP level 8. HP: 58/60 MP: 12/16
  6884 | D:6      | Found Paotoheu's Book Shop.
  6891 | D:6      | Noticed Duvessa
  7502 | D:6      | Noticed Dowan
  7513 | D:6      | Killed Dowan
  7529 | D:6      | HP: 2/61 [Duvessa/+0 short sword (14)]
  7533 | D:6      | Slain by Duvessa

Illustrated notes

Levels and vault maps discovered:
D:1:      lightli_arrival_quake, layout_loops_ring, glass_columns_b
D:2:      layout_basic, dreamdust_ecumenical_altar_hidden_monk_grotto,
          basic_altar, minmay_misc_feat_enclosed
D:3:      layout_basic, uniq_jessica
D:4:      layout_loops_ring, serial_shops, shop, shop, minmay_misc_feat_room,
          minivault_1, grunt_ministairs_2, minmay_three_crescents
D:5:      layout_basic, enter_ossuary_2
D:6:      layout_loops_cross, minmay_temple_entry_drinking_statues,
          gammafunk_ghost_necromancy, nicolae_stop_n_shop_2, uniq_duvessa

Skill      XL: |  1  2  3  4  5  6  7  8 |
---------------+-------------------------+-----
Spellcasting   | 5 6 |  6.2
Invocations    | 1 2 3 4 |  4.0
Short Blades   | 1 2 3 |  3.6
Long Blades    | 1 2 3 |  3.6
Axes           | 1 2 3 |  3.6
Maces & Flails | 1 2 3 |  3.6
Polearms       | 1 2 3 |  3.6
Staves         | 1 2 3 |  3.6
Slings         | 1 2 3 |  3.6
Bows           | 1 2 3 |  3.6
Crossbows      | 1 2 3 |  3.6
Throwing       | 1 2 3 |  3.6
Armour         | 1 2 3 |  3.6
Stealth        | 1 2 3 |  3.6
Shields        | 1 2 3 |  3.6
Evocations     | 1 2 3 |  3.6
Conjurations   | 1 2 |  2.9
Hexes          | 1 2 |  2.9
Summonings     | 1 2 |  2.9
Necromancy     | 1 2 |  2.9
Translocations | 1 2 |  2.9
Fire Magic     | 1 2 |  2.9
Ice Magic      | 1 2 |  2.9
Air Magic      | 1 2 |  2.9
Earth Magic    | 1 2 |  2.9
Poison Magic   | 1 2 |  2.9
Fighting       | 3 4 |  4.5
Transmutations | 4 |  4.8
Dodging        | 5 |  5.9
Unarmed Combat | 7 |  7.5

Action                   |  1- 3 |  4- 6 |  7- 9 || total
-------------------------+-------+-------+-------++-------
Melee: Unarmed           |    70 |   152 |   154 ||   376
       Headbutt          |    10 |    10 |     6 ||    26
       Kick              |     8 |     7 |     9 ||    24
       Bite              |     6 |     5 |     9 ||    20
       Punch             |     2 |     6 |     5 ||    13
 Cast: Beastly Appendage |    19 |    11 |     5 ||    35
       Spider Form       |       |     4 |    19 ||    23
       Wereblood         |       |     1 |       ||     1
Invok: Recall Undead Har |       |     3 |     2 ||     5
 Abil: End Transformatio |       |     1 |       ||     1
  Use: Scroll            |       |     1 |     7 ||     8
       Potion            |       |       |     1 ||     1
 Stab: Sleeping          |     2 |     3 |     5 ||    10
       Distracted        |       |     2 |       ||     2
Armor: Robe              |     6 |    29 |    11 ||    46
       Skin              |       |     3 |     8 ||    11
Dodge: Dodged            |    45 |   131 |   171 ||   347
